 Dungeon Crawl Stone Soup version 0.30-a0-457-g4b7bca3bfa (webtiles) character file.

Game seed: 16090895910498016409

14224 Lobster4 the Summoner (level 12, -5/81 HPs)
             Began as a Human Summoner on Dec 14, 2022.
             Was a Follower of Hepliaklqana.
             Slain by a meliai
             ... wielding a +0 hand axe
              (6 damage)
             ... on level 12 of the Dungeon.
             The game lasted 00:47:27 (13304 turns).

Lobster4 the Summoner (Human Summoner)             Turns: 13304, Time: 00:47:28

Health: -5/81      AC: 10    Str: 10    XL:     12   Next: 42%
Magic:  25/32      EV: 12    Int: 20    God:    Hepliaklqana [*.....]
Gold:   793        SH:  5    Dex: 13    Spells: 13/26 levels left

rFire   + . .      SeeInvis .    a - +2 short sword (drain)
rCold   . . .      Faith    .    (no shield)
rNeg    . . .      Spirit   .    C - +2 robe {rF+}
rPois   .          Reflect  +    (no helmet)
rElec   .          Harm     .    (no cloak)
rCorr   .          Rampage  .    o - +1 pair of gloves
Will    .....                    (no boots)
Stlth   ++........               e - amulet of reflection
HPRegen 0.33/turn                c - ring of magical power
MPRegen 0.23/turn                m - +4 ring of protection

@: no status effects
A: reduced essence
a: Renounce Religion, Recall Ancestor, Ancestor Identity


You were on level 12 of the Dungeon.
You worshipped Hepliaklqana.
Hepliaklqana was aware of your devotion.
You visited 2 branches of the dungeon, and saw 13 of its levels.
You also visited: Ossuary.

You collected 793 gold pieces.

Inventory:

Hand Weapons
 a - a +2 short sword of draining (weapon)
 b - the +6 sling of Extremism {drain, Int+4 SInv}
   (You found it on level 11 of the Dungeon)

   A truly terrible weapon, it drains the life of any living foe it strikes.
   Int:       It affects your intelligence (+4).
   SInv:      It lets you see invisible.
 g - a +2 dagger
 s - a +1 rapier of chaos
 t - a +6 spear
 u - a +2 trident of holy wrath
 L - a +0 sling
Armour
 o - a +1 pair of gloves (worn)
 C - a +2 robe of fire resistance (worn)
 J - +0 acid dragon scales
Jewellery
 c - a ring of magical power (left hand)
 e - an amulet of reflection (around neck)
 k - a ring of willpower
 m - a +4 ring of protection (right hand)
 p - a ring of protection from cold
Wands
 y - a wand of quicksilver (5)
 E - a wand of digging (5)
 F - a wand of polymorph (18)
 G - a wand of paralysis (7)
 M - a wand of flame (10)
Scrolls
 d - a scroll of brand weapon
 f - 3 scrolls of fog
 j - 2 scrolls of amnesia
 l - 5 scrolls of enchant armour
 v - 6 scrolls of enchant weapon
 w - 4 scrolls of teleportation
 H - a scroll of acquirement
 I - 2 scrolls of magic mapping
 K - 2 scrolls of identify
Potions
 h - a potion of magic
 i - 5 potions of curing
 n - a potion of flight
 q - a potion of resistance {unknown}
 r - 4 potions of heal wounds
 x - 5 potions of lignification
 z - a potion of brilliance
 A - 2 potions of haste {unknown}
 B - a potion of invisibility
 D - a potion of might


   Skills:
 + Level 7.6 Fighting
 + Level 1.1 Ranged Weapons
 - Level 7.0 Armour
 - Level 3.0 Dodging
 - Level 3.0 Stealth
 + Level 4.9 Shields
 + Level 7.6 Spellcasting
 - Level 4.3 Hexes
 * Level 11.8 Summonings
 - Level 5.0 Air Magic
 - Level 3.0 Evocations


You had 13 spell levels left.
You knew the following spells:

 Your Spells              Type           Power      Damage    Failure   Level
a - Summon Small Mammal   Summ           100%       N/A       1%          1
b - Call Imp              Summ           53%        N/A       1%          2
c - Call Canine Familiar  Summ           53%        N/A       1%          3
d - Summon Guardian Gole  Hex/Summ       39%        N/A       1%          3
h - Summon Lightning Spi  Summ/Air       41%        N/A       2%          4

Your spell library contained the following spells:

 Spells                   Type           Power      Damage    Failure   Level
 Ensorcelled Hibernation  Hex/Ice        32%        N/A       5%          2
 Apportation              Tloc           14%        N/A       9%          1
 Necrotise                Necr           28%        1d5       9%          1
 Inner Flame              Hex/Fire       16%        N/A       11%         3
 Cause Fear               Hex            12%        N/A       16%         4
 Spider Form              Tmut/Pois      7%         N/A       26%         3
 Anguish                  Hex/Necr       8%         N/A       36%         4
 Flame Wave               Conj/Fire      7%         2d5       65%         4
 Sticky Flame             Conj/Fire      7%         2d3       65%         4
 Freezing Cloud           Conj/Ice/Air   7%         6-21      77%         5
 Simulacrum               Ice/Necr       3%         N/A       100%        6
 Discord                  Hex            12%        N/A       100%        8
 Polar Vortex             Ice            3%         N/A       100%        9


Dungeon Overview and Level Annotations

Branches:
Dungeon (12/15)            Temple (1/1) D:4            Lair (0/5) D:9
    Orc (0/2) D:10        Ossuary (visited)

Altars:
Ashenzari
Cheibriados
Dithmenos
Elyvilon
Fedhas
Gozag
Hepliaklqana
Kikubaaqudgha
Makhleb
Nemelex Xobeh
Okawaru
Qazlal
Ru
Sif Muna
Trog
Uskayaw
Vehumet
Wu Jian
Xom
Yredelemnul
Zin
The Shining One

Annotations:
D:3 3 runed translucent doors, hgbash's ghost, amateur MiFi
D:5 Sigmund


Message History

The meliai hits you but does no damage. You block the meliai's attack.
The meliai misses you. x2; The meliai hits you but does no damage.
The meliai closely misses you.
Your quokka barely misses the yak.
The meliai barely misses you. The meliai completely misses you.
The yak closely misses your quokka. You block the meliai's attack.
The meliai stings you but does no damage.
The meliai mumbles some strange prayers to its god against you.
Something smites you! The meliai attacks as you move away!
The meliai barely misses you. You block the meliai's attack.
The meliai mumbles some strange prayers to its god against you.
Something smites you!
* * * LOW HITPOINT WARNING * * *
The meliai hits you with a +0 war axe.
* * * LOW HITPOINT WARNING * * *
The meliai stings you but does no damage.
Your quokka bites the yak.
Your wolf bites the yak!
The meliai hits you but does no damage. The meliai closely misses you.
Your crimson imp closely misses the yak.
The yak gores your wolf. The meliai hits you but does no damage.
The meliai stings you.
* * * LOW HITPOINT WARNING * * *
You feel much better. The meliai hits you with a +0 hand axe!
The meliai stings you but does no damage.
The meliai calls down the wrath of its god upon you.
Something smites you!
* * * LOW HITPOINT WARNING * * *
The meliai barely misses you.
The meliai stings you but does no damage.
Your wolf bites the yak!
Your quokka closely misses the yak.
You block the meliai's attack. The meliai stings you.
* * * LOW HITPOINT WARNING * * *
Your wolf bites the yak!
Your crimson imp hits the yak.
The yak misses your wolf. The meliai hits you but does no damage.
The meliai stings you!
* * * LOW HITPOINT WARNING * * *
The meliai barely misses you.
The meliai hits your lightning spire with a +0 hand axe.
The meliai stings you.
You die...

#.# #..## ..... #.####
#h.# ...## #..####....##
##.##......
#......##.^### #..#...#
######.###...#######....#
#.# ###..##.rY.....# #.##
##.#..h5.....#
#.<####y....###....#
##....@y##..# #....#
#...)..y....# #....#
#.....##8......####....
#.....#########...# ....#
#..#.## #.#.# #.... .. #.
#[... .... # . ...## .#


You could see a yak (distracted, ally target), 3 meliai, a friendly wolf
(summoned), a friendly lightning spire (summoned), a friendly crimson imp
(summoned) and a friendly quokka (summoned).

Vanquished Creatures
  A deep elf pyromancer (D:9)
  A yak (D:9)
  A vampire mosquito (D:11)
  Edmund (D:6)
  3 ice beasts
  A wolf (D:9)
  An ogre (D:4)
  3 centaurs
  A necrophage (D:7)
  A scorpion (D:5)
  A wight (D:6)
  5 killer bees
  A hound (D:5)
  2 orc priests
  An iguana (D:5)
  An orc wizard (D:5)
  2 adders (D:3)
  A dart slug (D:3)
  16 orcs
  An endoplasm (D:1)
  3 goblins
  A hobgoblin (D:2)
  A jackal (D:3)
  2 kobolds
  4 ball pythons
  A frilled lizard (D:2)
  A hobgoblin zombie (Ossuary)
  3 kobold zombies (Ossuary)
  An orc zombie (Ossuary)
  4 rats
66 creatures vanquished.

Vanquished Creatures (collateral kills)
  A two-headed ogre (D:10)
  Nergalle (D:11)
  A cyclops (D:11)
  2 gargoyles (D:11)
  2 wraiths
  5 yaks
  2 vampires
  2 shadows
  3 vampire mosquitoes (D:11)
  An acid dragon (D:10)
  5 ice beasts
  A black bear (D:5)
  7 orc warriors
  An ogre (D:5)
  2 wolves (D:9)
  4 centaurs
  2 phantoms
  An elf zombie (Ossuary)
  2 necrophages
  3 bullfrogs
  2 scorpions
  3 wights (D:6)
  9 killer bees
  4 howler monkeys (D:9)
  A human zombie (Ossuary)
  A centaur zombie (Ossuary)
  5 orc priests
  3 hounds
  2 jellies
  2 iguanas
  6 orc wizards
  2 mummies (Ossuary)
  7 gnolls
  6 adders
  2 white imps
  2 ufetubi
  2 worms
  A dart slug (D:2)
  37 orcs
  6 endoplasms
  A giant cockroach (D:2)
  3 hobgoblins
  2 jackals (D:3)
  5 kobolds
  2 quokkas
  5 ball pythons
  2 bats (D:2)
  2 goblins
  A goblin zombie (Ossuary)
  8 hobgoblin zombies (Ossuary)
  2 jackal zombies (Ossuary)
  8 kobold zombies (Ossuary)
  7 orc zombies (Ossuary)
  4 rats
  2 rat zombies (Ossuary)
205 creatures vanquished.

Vanquished Creatures (others)
  A wolf (D:9)
  A kobold brigand (D:9)
  A howler monkey (D:9)
  An ancestor (D:11)
  An orc priest (D:11)
  A ball python zombie (D:3)
6 creatures vanquished.

Grand Total: 277 creatures vanquished

Notes
Turn   | Place    | Note
-------+----------+-------------------------------------------
     0 | D:1      | Lobster4 the Human Summoner began the quest for the Orb.
     0 | D:1      | Reached XP level 1. HP: 13/13 MP: 3/3
   356 | D:1      | Reached XP level 2. HP: 19/19 MP: 5/5
   359 | D:1      | Learned a level 2 spell: Call Imp
   868 | D:2      | Reached XP level 3. HP: 15/25 MP: 6/6
  1189 | D:2      | Reached skill level 1 in Armour
  1189 | D:2      | Reached XP level 4. HP: 31/31 MP: 7/7
  1191 | D:2      | Reached skill level 1 in Fighting
  1749 | D:2      | Reached XP level 5. HP: 32/37 MP: 8/8
  2348 | D:3      | Reached skill level 5 in Summonings
  2395 | D:3      | Reached XP level 6. HP: 43/43 MP: 10/10
  2423 | D:3      | Found a bloodstained altar of Trog.
  2741 | D:3      | Found a runed translucent gate.
  2743 | D:3      | Found a runed translucent gate.
  2744 | D:3      | Found a runed translucent gate.
  2746 | D:3      | Noticed hgbash's ghost (amateur MiFi)
  2925 | D:4      | Noticed an ogre
  2959 | D:4      | Killed an ogre
  3111 | D:4      | Reached XP level 7. HP: 45/50 MP: 11/11
  3217 | D:4      | Found a staircase to the Ecumenical Temple.
  3227 | Temple   | Entered the Ecumenical Temple
  3289 | D:4      | Found a glowing golden altar of the Shining One.
  3340 | D:4      | Found a stormy altar of Qazlal.
  3609 | D:5      | Entered Level 5 of the Dungeon
  3629 | D:5      | Found a shadowy altar of Dithmenos.
  3662 | D:4      | Learned a level 3 spell: Call Canine Familiar
  3832 | D:5      | Reached skill level 6 in Summonings
  3852 | D:5      | Found a sand-covered staircase.
  3861 | Ossuary  | Entered an ossuary
  4113 | Ossuary  | Reached XP level 8. HP: 58/58 MP: 13/13
  4631 | D:5      | Reached skill level 7 in Summonings
  5275 | D:5      | Noticed Sigmund
  5732 | D:6      | Reached XP level 9. HP: 65/65 MP: 15/15
  6004 | D:6      | Learned a level 4 spell: Summon Lightning Spire
  6439 | D:6      | Found a shimmering blue altar of Sif Muna.
  6513 | D:6      | Noticed Edmund
  6529 | D:6      | Killed Edmund
  6530 | D:6      | Reached skill level 8 in Summonings
  6530 | D:6      | Reached skill level 1 in Air Magic
  6530 | D:6      | Reached skill level 1 in Evocations
  6978 | D:7      | Found a snail-covered altar of Cheibriados.
  7035 | D:7      | Noticed a +0 hand axe
  7036 | D:7      | Noticed a +0 hand axe
  7037 | D:7      | Found a hide-covered altar of Uskayaw.
  7119 | D:7      | Reached skill level 5 in Spellcasting
  7123 | D:7      | Learned a level 3 spell: Summon Guardian Golem
  7966 | D:8      | Reached skill level 1 in Hexes
  8150 | D:8      | Reached skill level 5 in Armour
  8288 | D:8      | Reached skill level 5 in Fighting
  8288 | D:8      | Reached XP level 10. HP: 74/74 MP: 17/17
  8780 | D:9      | Noticed a deep elf pyromancer
  9227 | D:9      | Reached skill level 9 in Summonings
  9485 | D:9      | Killed a deep elf pyromancer
  9758 | D:9      | Found a hazy altar of Hepliaklqana.
  9765 | D:9      | Reached skill level 10 in Summonings
  9765 | D:9      | Reached XP level 11. HP: 83/83 MP: 21/21
  9769 | D:9      | Became a worshipper of Hepliaklqana the Forgotten
 10246 | D:9      | Reached skill level 5 in Air Magic
 10400 | D:9      | Found a staircase to the Lair.
 10664 | D:10     | Entered Level 10 of the Dungeon
 11063 | D:10     | Reached skill level 11 in Summonings
 11293 | D:10     | Found a staircase to the Orcish Mines.
 11394 | D:10     | Noticed a two-headed ogre
 11400 | D:10     | Killed a two-headed ogre
 11401 | D:10     | Reached XP level 12. HP: 91/91 MP: 22/22
 11705 | D:10     | Found an ornate altar of the Wu Jian Council.
 11854 | D:10     | Reached * piety under Hepliaklqana
 12053 | D:11     | Noticed Nergalle
 12075 | D:11     | Killed Nergalle
 12125 | D:11     | Identified the +6 sling of Extremism {drain, Int+4 SInv}
 12797 | D:11     | Reached skill level 1 in Ranged Weapons
 13300 | D:12     | Identified 2 scrolls of acquirement
 13300 | D:12     | Acquired the +5 kite shield "Gym Sem" {rElec rF+}
 13304 | D:12     | HP: 1/81 [meliai/+0 war axe (9)]
 13304 | D:12     | Slain by a meliai

Illustrated notes

Levels and vault maps discovered:
D:1:      minmay_arrival_stone_box, layout_basic
D:2:      layout_basic
D:3:      layout_rooms, trog_three_pillars_becter, gammafunk_ghost_necromancy
D:4:      layout_rooms, grunt_qazlal_clouds, mainiacjoe_overflow_tiny_flanked,
          minmay_temple_entry_sparse_star
D:5:      layout_loops_cross, nicolae_dithmenos_the_darkroom,
          nicolae_ossuary_entry_ruins, uniq_sigmund
D:6:      minmay_spotlight, layout_basic, lemuel_blue_sif_altar, uniq_edmund
D:7:      layout_basic, dancing_weapons_uskayaw, cheibriados_altar_2
D:8:      layout_cave_pools
D:9:      kennysheep_ambush_hall, layout_basic, lemuel_round_altar,
          hellmonk_lair_entry_icy
D:10:     layout_irregular_city, nzn_wu_jian_council_hall, david_orc_5,
          chequers_serial_rivers_micro_d
D:11:     layout_loops_ring, uniq_nergalle
D:12:     layout_rooms
Temple:   nicolae_temple_god_jail

Skill      XL: |  1  2  3  4  5  6  7  8  9 10 11 12 |
---------------+-------------------------------------+-----
Armour         | 1 2 3 4 5 6 7 |  7.0
Fighting       | 1 2 3 4 5 6 7 |  7.6
Summonings     | 5 6 7 8 10 11 | 11.8
Dodging        | 3 |  3.0
Stealth        | 3 |  3.0
Spellcasting   | 3 4 5 6 7 |  7.6
Air Magic      | 2 4 5 |  5.0
Evocations     | 2 3 |  3.0
Hexes          | 1 4 |  4.3
Shields        | 3 4 |  4.9
Ranged Weapons | 1 |  1.1

Action                   |  1- 3 |  4- 6 |  7- 9 | 10-12 || total
-------------------------+-------+-------+-------+-------++-------
Melee: Dagger            |    39 |     7 |       |       ||    46
       Short sword       |       |     8 |       |    75 ||    83
       Rapier            |       |    79 |   136 |    38 ||   253
       Punch             |       |     2 |     1 |     2 ||     5
 Cast: Summon Small Mamm |    36 |    56 |    94 |    91 ||   277
       Call Imp          |     9 |    24 |    44 |    45 ||   122
       Call Canine Famil |       |       |    52 |    45 ||    97
       Summon Guardian G |       |       |       |     8 ||     8
       Summon Lightning  |       |       |       |    13 ||    13
Evoke: Wand              |       |       |     1 |     5 ||     6
  Use: Scroll            |     7 |     4 |     7 |     3 ||    21
       Potion            |       |       |     2 |     6 ||     8
 Stab: Distracted        |     2 |       |     1 |     4 ||     7
       Sleeping          |     1 |     2 |     2 |       ||     5
       Invisible         |       |       |     1 |       ||     1
       Paralysed         |       |       |     1 |       ||     1
Armor: Robe              |    20 |    52 |    92 |   101 ||   265
Dodge: Dodged            |    41 |    77 |   173 |   153 ||   444
Block: Other             |       |       |       |    57 ||    57
       Reflection        |       |       |       |     6 ||     6

Table legend: (Time is in decaauts)
 A = Elapsed time spent in this place.
 B = Non-inter-level travel time spent in this place.
 C = Inter-level travel time spent in this place.
 D = Time resting spent in this place.
 E = Time spent auto-exploring this place.
 F = Levels seen in this place.
 G = Mean time per level.
                   A        B        C        D        E       F      G
               +--------+--------+--------+--------+--------+-----+--------+
         Total |  13364 |  12741 |    623 |   1870 |   7140 |  14 |  954.6 |
       Dungeon |  12927 |  12317 |    610 |   1853 |   7030 |  12 | 1077.2 |
        Temple |     53 |     40 |     13 |      0 |     29 |   1 |   53.0 |
       Ossuary |    383 |    383 |      0 |     17 |     81 |   1 |  383.0 |
               +--------+--------+--------+--------+--------+-----+--------+

Top non-repeatable levels by time:
     D:9: 1990 daAuts
     D:5: 1426 daAuts
     D:6: 1326 daAuts
    D:10: 1297 daAuts
    D:11: 1159 daAuts
     D:2: 1132 daAuts
     D:7: 1005 daAuts
     D:3: 998 daAuts
     D:8: 987 daAuts
     D:4: 791 daAuts
     D:1: 760 daAuts
 Ossuary: 383 daAuts
  Temple: 53 daAuts
    D:12: 52 daAuts
